 Dungeon Crawl Stone Soup version 0.29.0-5-ge4962eb29e (webtiles) character file.

Game seed: 8660109494333297678

39 PimpSugar the Magician (level 3, -3/26 HPs)
             Began as a Demonspawn Hedge Wizard on Aug 29, 2022.
             Slain by a goblin
             ... wielding a +0 club
             ... led by Robin
              (5 damage)
             ... on level 2 of the Dungeon.
             The game lasted 00:05:31 (2195 turns).

PimpSugar the Magician (Demonspawn Hedge Wizard)    Turns: 2195, Time: 00:05:32

Health: -3/26      AC: 15    Str: 10    XL:     3   Next: 28%
Magic:  7/7        EV:  4    Int: 17    God:
Gold:   91         SH:  0    Dex: 15    Spells: 5/8 levels left

rFire   + . .      SeeInvis .   a - +0 dagger
rCold   . . .      Faith    .   (no shield)
rNeg    . . .      Spirit   .   j - +7 chain mail of Voc Zimal {rF+ Dex+3}
rPois   .          Reflect  .   c - +0 hat
rElec   .          Harm     .   (no cloak)
rCorr   .          Rampage  .   (no gloves)
Will    .....                   (no boots)
Stlth   ..........              (no amulet)
HPRegen 0.08/turn               (no ring)
MPRegen 0.20/turn               (no ring)

@: no status effects
A: magic regeneration
a: no special abilities


You were on level 2 of the Dungeon.
You visited 1 branch of the dungeon, and saw 2 of its levels.

You collected 91 gold pieces.

Inventory:

Hand Weapons
 a - a +0 dagger (weapon)
Missiles
 e - 14 stones (quivered)
Armour
 b - a +0 robe
 c - a +0 hat (worn)
 f - a +0 leather armour
 j - the +7 chain mail of Voc Zimal (worn) {rF+ Dex+3}
   (You found it on level 2 of the Dungeon)

   Dex:       It affects your dexterity (+3).
   rF:        It protects you from fire.
Potions
 d - 2 potions of magic
 g - a potion of degeneration


   Skills:
 * Level 1.0 Fighting
 + Level 0.0 Armour
 + Level 2.0 Dodging
 + Level 2.0 Stealth
 * Level 3.3 Spellcasting
 * Level 1.5 Conjurations
 + Level 1.2 Summonings
 + Level 1.2 Translocations


You had 5 spell levels left.
You knew the following spells:

 Your Spells              Type           Power      Damage    Failure   Level
a - Magic Dart            Conj           32%        1d4       100%        1
b - Call Imp              Summ           7%         N/A       100%        2

Your spell library contained the following spells:

 Spells                   Type           Power      Damage    Failure   Level
 Slow                     Hex            8%         N/A       100%        1
 Blink                    Tloc           14%        N/A       100%        2
 Conjure Flame            Conj/Fire      5%         6-21      100%        3
 Ignite Poison            Fire/Tmut/Pois 2%         N/A       100%        3
 Mephitic Cloud           Conj/Pois/Air  4%         N/A       100%        3
 Sticky Flame             Conj/Fire      5%         2d3       100%        4


Dungeon Overview and Level Annotations

Branches:
Dungeon (2/15)

Altars:

Annotations:
D:2 Robin


Innate Abilities, Weirdness & Mutations

You regenerate magic rapidly.


Message History

You kill the hobgoblin!
The hobgoblin hits you but does no damage.
The goblin hits you but does no damage. x3
You barely miss the hobgoblin. Robin hits you but does no damage.
The hobgoblin hits you but does no damage.
The goblin hits you but does no damage. x3
You puncture Robin!
Robin is heavily wounded.
Robin hits you with a +4 club. The hobgoblin hits you.
The goblin hits you but does no damage. x2
The goblin hits you with a +0 dagger.
You barely miss Robin.
Robin is heavily wounded.
The hobgoblin no longer looks unusually strong.
The goblin no longer looks unusually strong.
Robin hits you but does no damage.
The hobgoblin hits you but does no damage.
The goblin hits you but does no damage. x2
The goblin hits you with a +0 dagger.
* * * LOW HITPOINT WARNING * * *
You barely miss Robin.
Robin is heavily wounded.
The goblin no longer looks unusually strong.
The hobgoblin barely misses you. The goblin hits you but does no damage.
The goblin hits you with a +0 dagger.
* * * LOW HITPOINT WARNING * * *
The goblin hits you but does no damage.
It was a potion of cancellation.
Your magical effects are unravelling.
You feel magically purged.
You feel a little less mighty now.
The goblin no longer looks unusually strong.
The hobgoblin no longer looks unusually strong.
Robin hits you with a +4 club.
* * * LOW HITPOINT WARNING * * *
The hobgoblin barely misses you.
The goblin hits you but does no damage. x3
You closely miss the goblin. Robin hits you but does no damage.
The hobgoblin hits you but does no damage.
The goblin hits you with a +0 club.
You die...

#............#.#..####
##......##..+#.......#
##...#.##...........#
#..#####............
#..# .#...........##
#..##........#+####
##.............#
###......##gg.#
....#..##@gg# ...####


#ggg# ..# #gg.# gg.... ....##. .....# # ...#.# ......# You could see Robin, 3
hobgoblins and 7 goblins.

Vanquished Creatures
  A dart slug (D:1)
  4 ball pythons
  3 bats
  5 endoplasms
  2 goblins (D:2)
  3 hobgoblins
  4 kobolds
  3 quokkas (D:1)
  2 frilled lizards
  6 rats
33 creatures vanquished.

Vanquished Creatures (collateral kills)
  A quokka (D:1)
1 creature vanquished.

Grand Total: 34 creatures vanquished

Notes
Turn   | Place    | Note
-------+----------+-------------------------------------------
     0 | D:1      | PimpSugar the Demonspawn Hedge Wizard began the quest for
                  | the Orb.
     0 | D:1      | Reached XP level 1. HP: 13/13 MP: 4/4
   192 | D:1      | Reached skill level 1 in Translocations
   285 | D:1      | Gained mutation: You regenerate magic rapidly. [demonic
                  | ancestry]
   285 | D:1      | Reached XP level 2. HP: 20/20 MP: 1/6
   328 | D:1      | Learned a level 2 spell: Call Imp
   346 | D:1      | Found a faded altar of an unknown god.
  1047 | D:1      | Reached skill level 1 in Fighting
  1513 | D:2      | Identified the +7 chain mail of Voc Zimal {rF+ Dex+3}
  1575 | D:2      | Reached XP level 3. HP: 11/26 MP: 2/7
  2177 | D:2      | Noticed Robin
  2195 | D:2      | Slain by a goblin

Illustrated notes

Levels and vault maps discovered:
D:1:      lemuel_arrival_river_ford, layout_basic,
          nicolae_ecumenical_lake_church
D:2:      layout_basic, hangedman_decor_growths, uniq_robin, uniq_terence

Skill      XL: |  1  2  3 |
---------------+----------+-----
Translocations | 1 |  1.2
Stealth        | 2 |  2.0
Fighting       | 1 |  1.0
Dodging        | 2 |  2.0
Spellcasting   | |  3.3
Conjurations   | |  1.5
Summonings     | |  1.2

Action                   || total
-------------------------++-------
Melee: Dagger            ||    71
Throw: Stone             ||     6
 Cast: Magic Dart        ||    49
       Call Imp          ||     2
  Use: Potion            ||     4
       Scroll            ||     1
Armor: Chain mail        ||    88
       Robe              ||     3
Dodge: Dodged            ||    41
